Map: Deathaura LE

Players

Neeb

  • Race: Protoss Protoss
  • Spawn Location: 11:00

INnoVation - Winner!

  • Race: Terran Terran
  • Spawn Location: 5:00

Event: StayAtHomestory Cup #2

VOD

Have the link to the VOD?

Description

Time

  • Played on: June 12, 2020, 10:13 a.m.
  • Length: 13:52

All games in this series

Show
View Real Time Build Order
Export as new Build Order

Neeb Protoss 

Build Orders: 1 Gate Expand, Phoenix Opening 

Get SALT Encoding   

  12  0:00  Probe  
  13  0:12  Probe  
  14  0:17  Pylon  
  14  0:23  Probe  
  14  0:27  Assimilator  
  15  0:32  Probe  
  15  0:41  Probe  
  16  0:43  Gateway  
  17  0:53  Probe  
  18  1:05  Probe  
  19  1:17  Probe  
  20  1:22  Nexus  
  20  1:31  Cybernetics Core  
  20  1:33  Probe  
  21  1:41  Assimilator  
  21  1:46  Probe  
  22  1:48  Pylon  
  22  1:54  Probe  
  22  1:57  Adept  
  23  2:02  Probe  
  26  2:11  Stargate  
  26  2:13  Probe  
  27  2:24  Sentry  
  27  2:25  Probe  
  28  2:34  Probe  
  31  2:37  Probe  
  31  2:42  Warp Gate  
  32  2:46  Probe  
  32  2:49  Probe  
  34  2:55  Phoenix  
  34  2:58  Probe  
  34  3:01  Probe  
  34  3:02  Pylon  
  34  3:04  Adept  
  40  3:10  Probe  
  41  3:13  Probe  
  41  3:16  Phoenix  
  42  3:22  Probe  
  42  3:25  Probe  
  42  3:35  Probe, Phoenix  
  42  3:37  Probe  
  44  3:47  Probe  
  47  3:49  Probe  
  47  3:55  Gateway  
  48  3:57  Gateway  
  48  3:58  Pylon  
  48  3:59  Probe  
  48  4:01  Probe  
  50  4:04  Phoenix  
  52  4:11  Probe  
  52  4:13  Pylon  
  52  4:14  Probe, Assimilator  
  54  4:18  Assimilator  
  54  4:23  Probe, Pylon  
  55  4:27  Probe  
  56  4:33  Nexus  
  56  4:40  Probe x2, Pylon  
  59  4:53  Robotics Facility  
  59  4:56  Sentry x2  
  59  4:58  Forge  
  62  5:00  Stalker  
  64  5:07  Probe  
  64  5:08  Probe  
  66  5:15  Probe  
  66  5:18  Pylon  
  66  5:20  Probe  
  68  5:23  Probe  
  68  5:25  Stalker  
  68  5:26  Stalker x2  
  75  5:29  Pylon  
  75  5:32  Immortal, Probe  
  76  5:36  Pylon  
  81  5:49  Adept  
  80  5:50  Adept x2  
  80  5:55  Shield Battery  
  84  5:58  Phoenix  
  84  6:14  Immortal  
  84  6:16  Nexus  
  88  6:20  Protoss Ground Armor Level 1  
  88  6:21  Pylon  
  88  6:26  Adept x3  
  94  6:40  Twilight Council  
  94  6:45  Probe  
  94  6:46  Probe  
  96  6:53  Zealot x3  
  102  6:58  Probe  
  103  7:03  Charge  
  103  7:04  Probe  
  102  7:14  Stalker x3  
  108  7:26  Gateway  
  108  7:27  Gateway  
  108  7:29  Gateway  
  108  7:31  Warp Prism  
  108  7:32  Gateway  
  108  7:38  Probe, Gateway  
  108  7:39  Probe, Templar Archives  
  112  7:45  Probe  
  113  7:52  Zealot x3  
  113  7:54  Probe x2  
  113  7:57  Probe  
  122  8:00  Photon Cannon  
  122  8:06  Probe  
  122  8:07  Pylon  
  122  8:09  Pylon  
  123  8:15  Zealot x3  
  123  8:17  Protoss Ground Armor Level 2  
  129  8:26  Zealot  
  129  8:27  Zealot x3  
  129  8:39  High Templar x4  
  133  8:42  Pylon  
  133  8:43  Probe x2  
  133  8:44  Archon x2  
  135  8:48  Zealot x2  
  135  8:53  Zealot  
  135  8:55  Zealot  
  143  9:01  Probe  
  134  9:13  Zealot  
  134  9:14  Zealot x6  
  92  9:29  Zealot  
  92  9:30  Immortal  
  80  9:35  Zealot x7  
  88  9:50  Probe x2, Assimilator  
  88  9:51  Assimilator  
  90  9:59  Sentry x2  
  94  10:00  Sentry x3  
  94  10:01  Blink, Stalker  
  94  10:02  Stalker x2  
  106  10:10  Immortal, Robotics Bay  
  106  10:14  Forge  
  110  10:23  Probe  
  110  10:25  Pylon  
  110  10:26  Photon Cannon  
  110  10:28  Protoss Ground Armor Level 3  
  111  10:32  Stalker x3  
  111  10:33  Zealot  
  119  10:36  Protoss Ground Weapons Level 1  
  119  10:43  Shield Battery  
  119  10:45  Colossus  
  119  10:52  Extended Thermal Lance  
  125  11:07  Nexus  
  125  11:10  Probe x2  
  127  11:12  Probe  
  128  11:21  Robotics Facility  
  128  11:23  Colossus  
  128  11:32  Probe x3  
  137  11:44  Probe x2  
  139  11:52  High Templar x2  
  139  11:53  Zealot x2  
  139  11:54  Zealot x4  
  153  11:58  Archon  
  155  12:02  Pylon  
  155  12:15  Colossus, Pylon  
  159  12:28  Stalker x6  
  169  12:31  Stalker  
  165  12:42  Photon Cannon, Pylon  
  165  12:46  Assimilator  
  165  12:48  Assimilator  
  155  12:56  Zealot x7  
  155  12:57  Zealot  
  153  13:17  Zealot x4  
  153  13:18  Stalker x2  
  153  13:19  High Templar x2  
  167  13:24  Archon  
  123  13:41  Sentry x2  
  89  13:42  Sentry, Stalker x3  
Show
View Real Time Build Order
Export as new Build Order

INnoVation Terran - Winner!

Build Orders:  

Get SALT Encoding   

  12  0:00  SCV  
  13  0:12  SCV  
  14  0:17  Supply Depot  
  14  0:24  SCV  
  15  0:38  SCV  
  15  0:40  Barracks  
  16  0:43  Refinery  
  16  0:50  SCV  
  16  0:52  Refinery  
  17  1:02  SCV  
  18  1:05  Supply Depot  
  18  1:14  SCV  
  19  1:26  Reaper  
  19  1:28  Orbital Command  
  20  1:41  Factory  
  20  1:53  SCV  
  21  1:59  Reaper  
  22  2:06  SCV  
  23  2:17  Command Center  
  23  2:20  SCV  
  24  2:26  Hellion  
  26  2:31  Barracks Reactor  
  26  2:32  SCV  
  27  2:41  Starport  
  27  2:47  Widow Mine  
  27  2:50  Supply Depot  
  29  2:53  SCV  
  30  3:05  SCV  
  31  3:12  Marine x2, Widow Mine  
  35  3:17  Medivac  
  37  3:24  SCV  
  36  3:29  Marine x2  
  36  3:30  Orbital Command  
  37  3:34  Factory Tech Lab  
  37  3:37  SCV  
  38  3:47  Marine x2, Viking  
  42  3:52  Cyclone  
  45  3:56  Supply Depot  
  45  4:03  SCV x2  
  45  4:05  Marine x2  
  37  4:17  Viking  
  48  4:18  Supply Depot  
  48  4:22  SCV  
  48  4:23  SCV  
  52  4:24  Siege Tank  
  52  4:27  Marine x2  
  57  4:31  Supply Depot  
  57  4:35  SCV x2  
  59  4:45  Marine x2  
  60  4:48  SCV x2  
  60  4:49  Viking  
  60  4:52  Supply Depot  
  63  4:56  Siege Tank  
  66  5:00  SCV x2  
  66  5:03  Marine  
  66  5:04  Marine  
  70  5:12  SCV x2  
  68  5:19  Viking  
  70  5:21  Marine x2  
  70  5:24  SCV x2, Supply Depot  
  72  5:30  Siege Tank  
  75  5:36  SCV x2  
  75  5:39  Marine x2  
  79  5:49  SCV x2  
  81  5:53  Command Center  
  81  5:57  Marine x2  
  81  5:58  Bunker  
  81  6:02  Viking  
  81  6:03  SCV  
  81  6:04  SCV  
  87  6:08  Siege Tank  
  87  6:10  Supply Depot  
  90  6:17  Marine x2  
  92  6:18  SCV  
  92  6:19  Barracks x2, SCV  
  92  6:22  Refinery  
  92  6:24  Refinery  
  94  6:31  SCV x2  
  95  6:35  Marine x2  
  95  6:43  SCV x2  
  95  6:46  Siege Tank  
  100  6:51  Engineering Bay x2  
  99  6:54  Marine x2  
  99  6:55  SCV  
  99  6:56  SCV, Starport Reactor  
  96  7:08  SCV x2, Barracks Tech Lab x2  
  98  7:12  Marine x2  
  98  7:14  Orbital Command  
  100  7:21  Barracks, Siege Tank  
  100  7:22  Barracks  
  103  7:24  Terran Infantry Armor Level 1, Terran Infantry Weapons Level 1  
  103  7:31  Marine  
  103  7:32  Marine x3  
  103  7:35  Stimpack  
  108  7:37  SCV x2, Orbital Command  
  108  7:43  Combat Shield  
  109  7:47  Supply Depot  
  109  7:49  SCV x2, Marine x3, Supply Depot  
  109  7:50  Marine  
  115  8:01  SCV x2  
  115  8:03  Missile Turret  
  116  8:09  Siege Tank  
  116  8:11  Missile Turret  
  118  8:14  SCV x2, Barracks Reactor, Barracks Tech Lab  
  118  8:15  SCV  
  118  8:18  Medivac x2  
  118  8:19  Refinery  
  125  8:21  Marine x2, Supply Depot x2  
  125  8:23  Marauder x2  
  131  8:30  SCV x2  
  133  8:38  SCV  
  133  8:39  Marine, Marauder  
  133  8:40  Marine  
  132  8:42  SCV  
  132  8:43  SCV  
  132  8:44  Marauder  
  132  8:45  Supply Depot, Refinery, Marauder  
  132  8:46  Supply Depot  
  134  8:49  Armory  
  134  8:50  SCV, Concussive Shells  
  134  8:54  Marine x2  
  137  8:59  SCV  
  137  9:01  Marine x2, Marauder  
  142  9:06  Marauder x2  
  141  9:12  Marine x2  
  114  9:19  SCV x3, Marine x2, Medivac x2  
  114  9:22  Marauder  
  99  9:27  Marauder x2  
  99  9:29  Marine  
  80  9:31  SCV x2  
  75  9:40  Marine x3  
  75  9:44  Marauder  
  78  9:47  Marine  
  78  9:49  Marauder x2, Medivac x2  
  84  9:57  Orbital Command  
  84  9:58  Marine x3  
  84  9:59  Terran Infantry Weapons Level 2  
  87  10:05  Marine  
  87  10:06  Terran Infantry Armor Level 2  
  88  10:14  Marauder  
  88  10:15  Marauder x2  
  88  10:20  Marine x3  
  97  10:23  Marine  
  98  10:30  Ghost Academy  
  98  10:36  Marauder x3  
  98  10:39  Marine x3  
  98  10:41  Marine  
  98  10:42  Medivac  
  110  10:46  Medivac  
  110  10:49  SCV x3  
  114  11:00  Ghost, Marine x4  
  114  11:01  SCV x3  
  123  11:07  Ghost  
  123  11:10  Supply Depot  
  125  11:11  Supply Depot  
  125  11:13  SCV x3  
  125  11:15  Ghost  
  130  11:21  Marine x3  
  130  11:25  Supply Depot  
  133  11:26  Enhanced Shockwaves, Supply Depot  
  133  11:31  Marine  
  134  11:32  Ghost  
  134  11:39  Marine x3, Supply Depot  
  139  11:40  Ghost  
  141  11:49  Ghost  
  143  11:56  Command Center  
  145  12:02  Viking x2  
  145  12:04  Marine x3  
  145  12:05  Marine  
  151  12:11  Ghost  
  151  12:21  SCV x3  
  150  12:29  Marine x4, Marauder x2  
  155  12:34  SCV  
  155  12:35  SCV x2  
  158  12:41  Marauder  
  148  13:06  Marauder x3  
  148  13:07  Marine x3  
  148  13:09  Viking  
  124  13:27  Marauder x2  
  124  13:28  Marine x2  
Tags
 
Add a new tag
Caveats
  • Supply blocks, unpowered buildings, or Contaminate may cause inaccurate times.
  • Supply counts are checked every 10 seconds.